 Dungeon Crawl Stone Soup version 0.14-a0-1844-g8283a67 (webtiles) character file.

294 Kae the Insei (level 4, 0/35 HPs)
             Began as a Draconian Transmuter on Jan 13, 2014.
             Killed from afar by an orc wizard (6 damage)
             ... with a puff of flame
             ... on Level 4 of the Dungeon.
             The game lasted 00:03:10 (3134 turns).

Kae the Insei (Draconian Transmuter)                Turns: 3134, Time: 00:03:10

HP   0/35        AC  5     Str 12      XL: 4   Next: 96%
MP   7/7         EV 12     Int 13      God:
Gold 159         SH  0     Dex 13      Spells:  1 memorised,  6 levels left

rFire  . . .     SeeInvis .       - Unarmed
rCold  . . .     Clarity  .     (armour unavailable)
rNeg   . . .     Conserve .     (no shield)
rPois  .         rCorr    .     (helmet restricted)
rElec  .         rRot     .     (no cloak)
SustAb . .       Spirit   .     (no gloves)
rMut   .         Warding  .     (no boots)
Saprov . . .     Stasis   .     (no amulet)
                                (no ring)
                                (no ring)

@: about to teleport, flying, slightly resistant to hostile enchantments,
unstealthy
A: unfitting armour, AC +5
a: no special abilities


You were on level 4 of the Dungeon.
You were not hungry.

You visited 1 branch of the dungeon, and saw 4 of its levels.

You collected 159 gold pieces.

Inventory:

Missiles
 b - 12 arrows
 h - 6 tomahawks (quivered)
Comestibles
 a - 3 bread rations
 f - an apricot
 i - 4 meat rations
 j - 8 grapes
 l - 17 sultanas
 r - an orange
Scrolls
 e - 7 scrolls of identify {unknown}
 k - a scroll of enchant armour {unknown}
 m - 2 scrolls of noise {unknown}
 n - 3 scrolls of amnesia {unknown}
 q - a scroll of teleportation
Jewellery
 p - an uncursed ring of sustenance {unknown}
Books
 d - a book of Changes

   Spells                             Type                      Level
   *Beastly Appendage                 Transmutation                1
   Sticks to Snakes                   Transmutation                2
   Spider Form                        Transmutation/Poison         3
   Ice Form                           Ice/Transmutation            4
   Blade Hands                        Transmutation                5


   Skills:
 - Level 1.1 Fighting
 - Level 1.7 Dodging
 + Level 5.7 Unarmed Combat
 - Level 2.0 Spellcasting
 - Level 2.0 Transmutations


You had 6 spell levels left.
You knew the following spells:

 Your Spells              Type           Power        Failure   Level  Hunger
a - Beastly Appendage     Trmt           #.....       12%         1    ##.....


Dungeon Overview and Level Annotations

Branches:
Dungeon (4/16)
 Temple: D:4-7

Altars:


Message History

You feel sick.
The orc wizard hits you with an orcish dagger.
* * * LOW HITPOINT WARNING * * *
The orc wizard mumbles some strange words.
The orc wizard flickers and vanishes!
Deactivating autopickup; reactivate with Ctrl-A.
Read which item? (? for menu, Esc to quit)
Okay, then.
Drink which item? (? for menu, Esc to quit)
You feel better. The orc wizard misses you.
Read which item? (? for menu, Esc to quit)
As you read the scroll labeled BITIKH NIEHIAZA, it crumbles to dust.
You feel strangely unstable.
It was a scroll of teleportation.
The orc wizard gestures at you while chanting.
The magic dart hits you!
* * * LOW HITPOINT WARNING * * *
The orc wizard gestures at you while chanting.
The puff of flame hits you!
One of your 2 scrolls of teleportation catches fire!
You die...

. ... #. #.# #o #.# ..
#o #.# #.. #o #.# #.#
#o #.# #.# ######.
#.#####.#
.......o#######.......#
#o..oo.@........#
#.#######.......# #.
#......%######## #.
#............... #.
#.......######## #.
###.......# ..
..........# .#
.########.# #.#


You could see 2 orc wizards and 2 orcs.

Vanquished Creatures
  A worker ant (D:4)
  4 adders (D:2)
  A worm (D:3)
  4 giant geckos
  3 orcs (D:3)
  9 bats
  2 giant cockroaches
  8 goblins
  5 hobgoblins
  3 jackals (D:2)
  9 kobolds
  A quokka (D:3)
  3 giant newts
  5 rats
58 creatures vanquished.

Notes
Turn   | Place    | Note
--------------------------------------------------------------
     0 | D:1      | Kae, the Draconian Transmuter, began the quest for the Orb.
     0 | D:1      | Reached XP level 1. HP: 16/16 MP: 3/3
   204 | D:1      | Reached XP level 2. HP: 12/23 MP: 4/4
   796 | D:1      | Reached skill level 4 in Unarmed Combat
   938 | D:2      | Reached XP level 3. HP: 19/28 MP: 6/6
  1395 | D:2      | Reached XP level 4. HP: 31/35 MP: 7/7
  1627 | D:3      | Reached skill level 5 in Unarmed Combat
  3121 | D:4      | Paralysed by a potion of paralysis for 5 turns
  3134 | D:4      | Killed from afar by an orc wizard

Action                   |  1- 3 |  4- 6 || total
-------------------------+-------+-------++-------
Melee: Unarmed           |    93 |    94 ||   187
 Cast: Beastly Appendage |     8 |    10 ||    18
  Use: Potion            |     1 |     6 ||     7
       Scroll            |       |     3 ||     3
 Stab: Sleeping          |       |     1 ||     1
